 Dungeon Crawl Stone Soup version 0.30-a0-626-gd6a5dd7a1f (webtiles) character file.

Game seed: 7432317605813475197

83 Rrauwl the Cudgeller (level 4, -2/40 HPs)
             Began as a Gargoyle Reaver on Jan 11, 2023.
             Slain by an ogre
             ... wielding a +0 giant spiked club
              (9 damage)
             ... on level 3 of the Dungeon.
             The game lasted 00:05:34 (1956 turns).

Rrauwl the Cudgeller (Gargoyle Reaver)              Turns: 1956, Time: 00:05:35

Health: -2/40      AC: 22    Str: 16    XL:     4   Next: 44%
Magic:  7/7        EV:  2    Int: 13    God:
Gold:   91         SH:  0    Dex: 10    Spells: 7/7 levels left

rFire   . . .      SeeInvis .    a - +0 mace
rCold   . . .      Faith    .    (no shield)
rNeg    + . .      Spirit   .    (body armour currently unavailable)
rPois   ∞          Reflect  .    (helmet currently unavailable)
rElec   .          Harm     .    (cloak currently unavailable)
rCorr   .          Rampage  .    (gloves currently unavailable)
Will    .....      NoTele   +    (boots currently unavailable)
Stlth   +                        (no amulet)
HPRegen 0.26/turn                (no ring)
MPRegen 0.10/turn                (no ring)

@: tree-form
A: stationary, stasis, torment immunity, boosted hp, sickness immunity, AC +3,
negative energy resistance 1, (electricity resistance), torment resistance 1,
petrification resistance
a: no special abilities


You were on level 3 of the Dungeon.
You were a tree.
You visited 1 branch of the dungeon, and saw 3 of its levels.

You collected 91 gold pieces.

Inventory:

Hand Weapons
 a - a +0 mace (weapon)
Armour
 d - a +0 chain mail (melded)
Jewellery
 b - an amulet of faith
Scrolls
 e - a scroll of immolation
 h - a scroll of summoning
Potions
 f - a potion of curing
 g - a potion of ambrosia
 i - a potion of cancellation


   Skills:
 + Level 2.6 Fighting
 + Level 4.2 Maces & Flails
 + Level 1.5 Armour
 + Level 1.8 Dodging
 + Level 0.1 Stealth
 - Level 2.0 Spellcasting
 + Level 3.5 Conjurations


You had 7 spell levels left.
You didn't know any spells.
Your spell library contained the following spells:

 Spells                   Type           Power      Damage    Failure   Level
 Kiss of Death            Conj/Necr      20%        2d7       12%         1
 Momentum Strike          Conj/Tloc      10%        3d8       19%         2
 Hailstorm                Conj/Ice       5%         3d4       36%         3


Dungeon Overview and Level Annotations

Branches:
Dungeon (3/15)

Altars:
Ru


Innate Abilities, Weirdness & Mutations

You are a tree.
Your roots penetrate the ground, keeping you stationary.
You cannot be teleported.
You are immune to unholy pain and torment.
Your maximum health is greatly increased.
Your equipment is partially melded.
You are immune to sickness and miasma.
((Your stone body is resilient. (AC +3)))
You are immune to poison.
You resist negative energy. (rN+)
((You are resistant to electric shocks. (rElec)))
You are resistant to unholy torment.
You are immune to petrification.


Message History

The orc hits you but does no damage.
You hit the orc.
You kill the orc!
The ogre barely misses you.
You hit the ogre.
The ogre is lightly wounded.
You hit the ogre but do no damage.
The ogre is lightly wounded.
The ogre hits you but does no damage.
You closely miss the ogre.
The ogre is lightly wounded.
The ogre hits you with a +0 giant spiked club!!
You closely miss the ogre.
The ogre is lightly wounded.
The ogre hits you but does no damage.
You barely miss the ogre.
The ogre is lightly wounded.
The ogre hits you but does no damage.
You hit the ogre but do no damage.
The ogre is lightly wounded.
You hit the ogre.
The ogre is moderately wounded.
The ogre hits you but does no damage.
You hit the ogre.
The ogre is moderately wounded.
The ogre hits you with a +0 giant spiked club!!
Ouch! That really hurt!
* * * LOW HITPOINT WARNING * * *
You hit the ogre.
The ogre is moderately wounded.
The ogre hits you but does no damage.
You feel better.
You barely miss the ogre.
The ogre is moderately wounded.
The ogre hits you with a +0 giant spiked club.
* * * LOW HITPOINT WARNING * * *
You hit the ogre. Your punch misses the ogre.
The ogre is heavily wounded.
The ogre hits you with a +0 giant spiked club!
You die...

#. . #. ..## ## #.
#...##. >##
....... ).#
#...... #.#
#...### #)#
#.o...#### #♣#
oo...##..owo####O#
### ##..#oo.)oo#
.....ooO####.###
#####.#.#......##
#........>..##
##...........####
##.............##
#..............#


You could see an ogre and 2 orcs.

Vanquished Creatures
  A gnoll (D:1)
  2 adders (D:2)
  A worm (D:2)
  3 dart slugs
  4 orcs (D:3)
  7 ball pythons
  5 bats
  2 endoplasms
  A giant cockroach (D:1)
  3 goblins (D:1)
  3 hobgoblins
  3 quokkas
  A frilled lizard (D:1)
  3 kobolds
  3 rats (D:1)
42 creatures vanquished.

Notes
Turn   | Place    | Note
-------+----------+-------------------------------------------
     0 | D:1      | Rrauwl the Gargoyle Reaver began the quest for the Orb.
     0 | D:1      | Reached XP level 1. HP: 12/12 MP: 3/3
   142 | D:1      | Reached XP level 2. HP: 13/17 MP: 5/5
   644 | D:1      | Reached XP level 3. HP: 20/22 MP: 6/6
  1226 | D:2      | Reached skill level 4 in Maces & Flails
  1289 | D:2      | Reached skill level 1 in Armour
  1289 | D:2      | Reached XP level 4. HP: 27/27 MP: 7/7
  1634 | D:2      | Found a sacrificial altar of Ru.
  1903 | D:3      | Noticed an ogre
  1952 | D:3      | HP: 1/40 [ogre/+0 giant spiked club (22)]
  1956 | D:3      | Slain by an ogre

Illustrated notes

Levels and vault maps discovered:
D:1:      elethiomel_arrival_infinity_welcomes_careful_drivers, layout_basic
D:2:      layout_loops_cross, basic_altar
D:3:      layout_rooms, mainiacjoe_overflow_big_doors

Skill      XL: |  1  2  3 |
---------------+----------+-----
Maces & Flails | 4 |  4.2
Armour         | 1 |  1.5
Fighting       | |  2.6
Dodging        | |  1.8
Stealth        | |  0.1
Spellcasting   | |  2.0
Conjurations   | |  3.5

Action                   |  1- 3 |  4- 6 || total
-------------------------+-------+-------++-------
Melee: Mace              |    96 |    78 ||   174
  Use: Scroll            |     7 |     2 ||     9
       Potion            |     3 |     6 ||     9
Armor: Leather armour    |    12 |       ||    12
       Chain mail        |    49 |    41 ||    90
       Skin              |       |    26 ||    26
Dodge: Dodged            |    54 |    27 ||    81

Table legend: (Time is in decaauts)
 A = Elapsed time spent in this place.
 B = Non-inter-level travel time spent in this place.
 C = Inter-level travel time spent in this place.
 D = Time resting spent in this place.
 E = Time spent auto-exploring this place.
 F = Levels seen in this place.
 G = Mean time per level.
                   A        B        C        D        E       F      G
               +--------+--------+--------+--------+--------+-----+--------+
         Total |   1992 |   1928 |     64 |      0 |   1505 |   3 |  664.0 |
       Dungeon |   1992 |   1928 |     64 |      0 |   1505 |   3 |  664.0 |
               +--------+--------+--------+--------+--------+-----+--------+

Top non-repeatable levels by time:
     D:1: 1149 daAuts
     D:2: 709 daAuts
     D:3: 133 daAuts
